 Dungeon Crawl Stone Soup version 0.19-a0-607-g42021f0 (webtiles) character file.

321708 Gorice the Tortoise (level 20, -2/178 HPs)
             Began as a Minotaur Abyssal Knight on June 11, 2016.
             Was the Champion of Lugonu.
             Killed from afar by a deep elf mage (30 damage)
             ... with a bolt of lightning
             ... on level 1 of the Elven Halls on June 12, 2016.
             The game lasted 04:50:34 (50523 turns).

Gorice the Tortoise (Minotaur Abyssal Knight)      Turns: 50523, Time: 04:50:35

Health: -2/178     AC: 34    Str: 20    XL:     20   Next: 65%
Magic:  28/28      EV: 12    Int: 10    God:    Lugonu [******]
Gold:   1097       SH:  0    Dex: 15    Spells: 1 memorised, 28 levels left

rFire  . . .     SeeInvis .     a - +2 great sword (flame)
rCold  + . .     Gourm    .     N - +4 plate armour {rC+}
rNeg   + . .     Faith    .     (shield currently unavailable)
rPois  .         Spirit   .     w - +1 hat
rElec  .         Dismiss  .     Q - +2 cloak {MR+}
rCorr  .         Reflect  .     e - +2 pair of gloves
SustAt .         Harm     .     n - +0 pair of boots
MR     ++...                    J - amulet of regeneration
Stlth  ..........               H - +4 ring of protection
                                A - ring of positive energy

@: very heavily drained, very resistant to hostile enchantments, extremely
unstealthy
A: retaliatory headbutt, horns 2
a: Depart the Abyss, Bend Space, Banish, Corrupt, Enter the Abyss, Brand Weapon
With Distortion, Renounce Religion
}: 2/15 runes: decaying, serpentine


You were on level 1 of the Elven Halls.
You worshipped Lugonu.
Lugonu was exalted by your worship.
You were not hungry.

You visited 7 branches of the dungeon, and saw 36 of its levels.
You visited the Abyss 1 time.
You visited 2 bazaars.
You also visited: Labyrinth, Sewer, Ice Cave and Volcano.

You collected 3917 gold pieces.
You spent 2820 gold pieces at shops.

Inventory:

Hand Weapons
 a - a +2 great sword of flaming (weapon)
   (You took it off Urug in a volcano)
 B - a +0 blowgun
Missiles
 c - 15 tomahawks of returning (quivered)
 p - 21 curare-tipped needles
 O - 7 javelins of returning
Armour
 e - a +2 pair of gloves (worn)
 i - the cursed +1 ring mail of Agnosticism {-Tele *Drain MR+++ Str+4, unknown}
   (You found it on level 1 of the Elven Halls)

   It affects your strength (+4).
   It affects your resistance to hostile enchantments.
   It prevents most forms of teleportation.
   It causes draining when unequipped.
   It has a curse placed upon it.
 n - a +0 pair of boots (worn)
 w - a +1 hat (worn)
 N - a +4 plate armour of cold resistance (worn)
   (You took it off an orc warlord on level 3 of the Vaults)
 Q - a +2 cloak of magic resistance (worn)
   (You bought it in a shop on level 2 of the Orcish Mines)
Jewellery
 f - an uncursed ring of protection from fire
 g - an uncursed ring of see invisible
 q - a +5 ring of evasion
 y - an uncursed ring of resist corrosion
 z - an uncursed ring of protection from cold
 A - a ring of positive energy (left hand)
 C - an uncursed ring of poison resistance
 H - a +4 ring of protection (right hand)
 J - an amulet of regeneration (around neck)
 V - an uncursed ring of protection from magic
Wands
 h - a wand of iceblast (5/15)
 s - a wand of acid (8/15)
 x - a wand of disintegration (11/24)
 D - a wand of teleportation (5/9) {!d}
 S - a wand of heal wounds (4/9) {!d}
Scrolls
 b - 6 scrolls of magic mapping {!r}
 d - 2 scrolls of blinking
 o - 17 scrolls of remove curse
 u - 6 scrolls of identify
 T - 6 scrolls of teleportation {!r}
 Z - 4 scrolls of fog
Potions
 j - 11 potions of curing
 r - 3 potions of agility {!q}
 G - a potion of might {!q}
 K - a potion of resistance {!q}
 P - a potion of haste {!q}
Miscellaneous
 l - a lamp of fire
Comestibles
 k - 3 chunks of flesh
 v - 22 fruits
 I - 13 meat rations {!e}


   Skills:
 - Level 15.0(10.0) Fighting
 - Level 18.0(12.7) Long Blades
 + Level 6.6(2.6) Throwing
 + Level 20.0(14.5) Armour
 - Level 16.0(10.9) Dodging
 - Level 6.0(2.0) Spellcasting
 + Level 8.8(4.6) Charms
 - Level 10.0(5.6) Invocations
 - Level 13.2(8.4) Evocations


You had 28 spell levels left.
You knew the following spells:

 Your Spells              Type           Power        Failure   Level  Hunger
R - Regeneration          Chrm/Necr      #.........   100%        3    ####...


Dungeon Overview and Level Annotations

Branches:
Dungeon (15/15)            Temple (0/1) D:6            Lair (6/6) D:11
  Swamp (4/4) Lair:2        Snake (4/4) Lair:3        Slime (0/5) Lair:5
    Orc (2/2) D:10            Elf (1/3) Orc:2        Vaults (4/5) D:14
  Crypt (0/3) Vaults:3     Depths (0/5) D:15

Altars:
Ashenzari
Cheibriados
Dithmenos
Elyvilon
Gozag
Hepliaklqana
Kikubaaqudgha
Nemelex Xobeh
Pakellas
Trog
Zin
The Shining One
Beogh
Jiyva

Shops:
D:12 [   D:15 (   Orc:2 [[**

Annotations:
D:8 Erica
Swamp:4 Lernaean hydra


Innate Abilities, Weirdness & Mutations

You reflexively headbutt those who attack you in melee.
You have a pair of horns on your head.


Message History

* * * LOW HITPOINT WARNING * * *
The deep elf mage gestures wildly while chanting.
The deep elf mage blinks!
You slice the deep elf high priest!! You burn the deep elf high priest.
The deep elf high priest is almost dead.
The deep elf high priest hits you but does no damage.
The deep elf mage gestures at you while chanting.
The bolt of lightning hits you!
* * * LOW HITPOINT WARNING * * *
The bolt of lightning hits you!
* * * LOW HITPOINT WARNING * * *
Damage: 36 (max 55)
You miss the deep elf high priest.
You headbutt the deep elf high priest, but do no damage.
The deep elf high priest is severely wounded.
The deep elf high priest hits you but does no damage.
The deep elf mage hits you but does no damage.
The deep elf mage casts a spell.
The deep elf mage blinks!
You slice the deep elf high priest!! You burn the deep elf high priest.
You kill the deep elf high priest!
Lugonu accepts your kill.
The deep elf mage hits you but does no damage.
The deep elf mage seems less brilliant. x2
The deep elf mage gestures at you while chanting.
The bolt of lightning hits you!
* * * LOW HITPOINT WARNING * * *
The bolt of lightning hits you!
* * * LOW HITPOINT WARNING * * *
The bolt of lightning misses the deep elf mage.
Things that are here:
a short sword; an elf corpse; Damage: 38 (max 55) Unknown command.
Unknown command.
Unknown command.
Okay, then.
Evoke which item? (* to show all) (? for menu, Esc to quit)
Zapping:
S - a wand of heal wounds (5/9) {!d}
Press: ? - help, Shift-Dir - straight line, f - you You feel much better.
This wand has 4 charges left.
The deep elf mage mumbles some strange words.
The deep elf mage blinks!
The deep elf mage hits you but does no damage.
Unknown command.
You slash the deep elf mage! You burn the deep elf mage.
You kill the deep elf mage!
Lugonu accepts your kill.
The deep elf mage gestures at you while chanting.
The bolt of lightning hits you!
You die...

#..### #.# ##.......##
#'## #.# ##.....## #.# #.#
##'#'##'## #.# #.#
##.##.###.## #.#
###'###.###.# ##.# #.#
#.....'## #.# ##> #.#
##.e...## #.# ##
#.######.......####.######
#(.......@.§..............
#.#####).))...............
#### ##)#.....'####.######
##§ ♣..##..#.....#.###.#
## §§§§
#...##e########.##.# ##.
§§§####..##.# ##.#'####.#
≈§##?e#..##s# ##.....'##
≈##$..'...#.# ##....###
≈#).e.r...e.# #.....##


You could see a deep elf mage.

Vanquished Creatures
  Saint Roka (Vaults:3)
  Vashnia (Snake:4)
  Nikola (Swamp:2)
  Jorgrun (Swamp:3)
  The ghost of removeelyvilon the Brawler, an adept TrMo of Cheibriados (Swamp:4)
  2 thorn hunters
  12 greater nagas
  A tengu reaver (Vaults:2)
  A frost giant (IceCv)
  Wiglaf (Snake:3)
  Donald (Swamp:2)
  8 vault wardens
  An orc warlord (Vaults:3)
  4 deep elf sorcerers
  A ghoul (Vaults:1)
  A curse skull (Vaults:3)
  A stone giant (Vaults:3)
  12 ironheart preservers
  The ghost of Xiguana the Grappler, a journeyman VSMo of Cheibriados (Swamp:3)
  2 deep elf demonologists (Vaults:3)
  2 deep elf annihilators
  A deep elf death mage (Vaults:3)
  An ettin (Vaults:4)
  A minotaur (Lab)
  6 yaktaur captains
  5 fire dragons
  Josephine (D:15)
  A deep elf high priest (Elf:1)
  3 ice dragons
  A great orb of eyes (Vaults:4)
  8 vault guards
  17 naga warriors
  22 hydras
  5 anacondas
  A catoblepas (Lair:4)
  3 ghost crabs
  Erolcha (Orc:1)
  3 death knights
  7 alligators
  2 death yaks (IceCv)
  7 centaur warriors
  12 ogre magi
  2 dancing weapons (Elf:1)
  Urug (Volcano)
  15 naga sharpshooters
  14 shock serpents
  4 orc high priests
  A fire crab (Vaults:4)
  2 shadow wraiths (Vaults:3)
  2 salamander mystics
  7 deep elf knights
  A death drake (shapeshifter) (Vaults:3)
  10 skeletal warriors (Vaults:1)
  A sea snake (shapeshifter) (Vaults:4)
  5 naga ritualists
  An unseen horror (Lab)
  7 swamp dragons
  A deep troll (Vaults:4)
  3 giant orange brains
  12 ironbrand convokers
  A harpy (shapeshifter) (Vaults:4)
  5 deep elf archers
  A shambling mangrove (Swamp:1)
  A wolf spider zombie (D:15)
  5 harpies (Vaults:2)
  3 phantasmal warriors
  4 griffons
  6 hill giants
  2 necromancers
  37 ugly things
  A hornet (Swamp:1)
  2 wizards
  2 oklob plants
  6 mana vipers
  9 orc sorcerers
  A tengu zombie (Vaults:1)
  A salamander (shapeshifter) (Vaults:2)
  5 wolf spiders
  20 deep elf magi
  A frost giant zombie (Vaults:1)
  25 orc knights
  45 slime creatures
  6 cyclopes
  A manticore (D:11)
  25 black mambas
  3 centaur zombies
  An ice statue (IceCv)
  5 elephants (Lair:4)
  10 salamanders
  12 vault sentinels
  28 naga magi
  2 guardian serpents
  2 gargoyles
  2 centaur skeletons
  18 spiny frogs
  8 komodo dragons
  7 freezing wraiths
  3 rime drakes
  A kobold demonologist (D:15)
  13 yaktaurs
  5 spriggan druids
  A tengu conjurer (D:14)
  A meliai (D:14)
  10 trolls
  A jumping spider (shapeshifter) (Vaults:3)
  26 polar bears
  A meliai (shapeshifter) (Vaults:3)
  8 giant leeches
  13 two-headed ogres
  Prince Ribbit (Lair:2)
  4 blink frogs (Lair:2)
  3 boulder beetles
  A raiju (shapeshifter) (Vaults:4)
  8 bog bodies
  A hornet zombie (D:15)
  7 redbacks
  A centaur simulacrum (D:15)
  A spriggan (shapeshifter) (Vaults:1)
  A flying skull (Vaults:3)
  4 shadows
  57 yaks
  A water elemental (Elf:1)
  11 spriggans
  7 wraiths
  3 hogs
  A human (D:8)
  3 fire bats (Lair:1)
  3 wyverns
  A hungry ghost (D:13)
  A basilisk (Lair:2)
  4 steam dragons
  5 hippogriffs
  28 vampire mosquitoes
  9 insubstantial wisps
  25 swamp worms
  6 wargs
  50 nagas
  2 hell hounds (D:11)
  An entropy weaver simulacrum (Vaults:2)
  A water moccasin (shapeshifter) (Vaults:4)
  16 water moccasins
  11 porcupines
  A deep troll skeleton (Vaults:1)
  10 swamp drakes
  63 orc warriors
  6 ice beasts
  3 sky beasts
  10 black bears
  2 necrophages
  10 wasps
  4 boggarts (Vaults:3)
  2 eyes of draining
  55 ogres
  46 wolves
  6 phantoms
  5 centaurs
  14 crocodiles
  Blork the orc (D:5)
  4 big kobolds
  A giant frog (shapeshifter) (Vaults:1)
  20 giant frogs
  2 earth elementals (Elf:1)
  4 scorpions
  An elf simulacrum (Vaults:3)
  An orc simulacrum (Vaults:2)
  4 wights (D:15)
  16 killer bees
  2 howler monkeys
  2 electric eels
  3 crimson imps
  A quasit (D:12)
  2 giant frog zombies
  7 hounds
  26 orc wizards
  Crazy Yiuf (D:3)
  2 giant frog skeletons
  2 jellies
  33 orc priests
  6 iguanas
  Ijyb (D:3)
  12 worker ants
  Natasha (thrice) (D:3)
  23 sheep
  A killer bee zombie (D:8)
  A hound skeleton (D:11)
  3 gnolls (D:5)
  A howler monkey skeleton (D:5)
  46 river rats
  28 adders
  2 oozes (D:2)
  2 adder zombies
  An adder skeleton (D:3)
  7 worms
  A dart slug (D:3)
  10 giant geckos
  127 orcs
  4 ball pythons
  4 giant cockroaches
  5 goblins
  9 hobgoblins
  2 jackals (D:2)
  19 kobolds
  5 quokkas
  22 bats
  A giant gecko skeleton (D:4)
  A giant gecko zombie (D:8)
  12 giant newts
  10 rats
  A bush (Lair:3)
1669 creatures vanquished.

Vanquished Creatures (others)
  An ogre mage (Vaults:1)
  An orange crystal statue (Vaults:4)
  2 ugly things (Vaults:1)
  A meliai (shapeshifter) (Vaults:4)
  2 two-headed ogres (Vaults:1)
  A giant leech (Swamp:1)
  A naga (Snake:4)
  5 ogres
  3 orcs
  5 fungi
  A plant (Lair:6)
23 creatures vanquished.

Grand Total: 1692 creatures vanquished

Notes
Turn   | Place    | Note
--------------------------------------------------------------
     0 | Abyss:1  | Gorice the Minotaur Abyssal Knight began the quest for the Orb.
     0 | Abyss:1  | Reached XP level 1. HP: 19/19 MP: 1/1
    22 | D:1      | Escaped the Abyss
   226 | D:1      | Reached skill level 3 in Long Blades
   277 | D:1      | Reached XP level 2. HP: 26/26 MP: 2/2
   562 | D:1      | Reached ** piety under Lugonu
   951 | D:2      | Reached skill level 4 in Long Blades
   951 | D:2      | Reached XP level 3. HP: 31/31 MP: 3/3
  1072 | D:2      | Reached skill level 3 in Armour
  1365 | D:2      | Reached XP level 4. HP: 39/39 MP: 4/4
  1557 | D:2      | HP: 11/39 [poisoned by an orc]
  1565 | D:2      | HP: 10/39 [poisoned by an orc]
  1900 | D:3      | Noticed Natasha
  1928 | D:3      | Reached skill level 5 in Long Blades
  1931 | D:3      | Killed Natasha
  1983 | D:3      | Noticed Ijyb
  1992 | D:3      | Killed Ijyb
  1992 | D:3      | Reached skill level 4 in Armour
  1992 | D:3      | Reached XP level 5. HP: 42/45 MP: 5/5
  2074 | D:3      | Noticed Natasha
  2083 | D:3      | Killed Natasha
  2095 | D:3      | Found a white marble altar of Elyvilon.
  2121 | D:3      | Noticed Natasha
  2128 | D:3      | Killed Natasha
  2128 | D:3      | Reached *** piety under Lugonu
  2128 | D:3      | Reached skill level 6 in Long Blades
  2411 | D:3      | Found an oddly glowing altar of Pakellas.
  2745 | D:3      | Found a glowing golden altar of the Shining One.
  2758 | D:3      | Found a sparkling altar of Nemelex Xobeh.
  2815 | D:4      | Reached XP level 6. HP: 51/51 MP: 6/6
  2854 | D:4      | Reached skill level 5 in Armour
  2858 | D:4      | Reached skill level 7 in Long Blades
  2956 | D:4      | Found a snail-covered altar of Cheibriados.
  3115 | D:4      | HP: 15/51 [phantom (1)]
  3118 | D:4      | Reached XP level 7. HP: 17/57 MP: 7/7
  3298 | D:4      | Reached skill level 8 in Long Blades
  3674 | D:4      | Found a hazy altar of Hepliaklqana.
  3875 | D:4      | Reached skill level 6 in Armour
  4004 | D:4      | Found a bloodstained altar of Trog.
  4193 | D:5      | Entered Level 5 of the Dungeon
  4232 | D:5      | Reached **** piety under Lugonu
  4232 | D:5      | Reached skill level 9 in Long Blades
  4418 | D:5      | Noticed Blork the orc
  4439 | D:5      | Killed Blork the orc
  4439 | D:5      | Reached XP level 8. HP: 48/64 MP: 8/8
  4679 | D:5      | Found a shattered altar of Ashenzari.
  4748 | D:5      | Reached skill level 7 in Armour
  4869 | D:5      | Reached skill level 10 in Long Blades
  5216 | D:6      | HP: 16/64 [orc warrior/glaive of flaming (8)]
  5453 | D:6      | Found a staircase to the Ecumenical Temple.
  5615 | D:6      | HP: 10/64 [orc warrior/glaive of flaming (19)]
  5615 | D:6      | HP: 4/64 [orc warrior/glaive of flaming (6)]
  5617 | D:6      | Reached skill level 11 in Long Blades
  5875 | D:6      | Found a glowing drain.
  5882 | Sewer    | Entered a sewer
  5897 | Sewer    | Reached ***** piety under Lugonu
  5927 | Sewer    | Reached skill level 8 in Armour
  6073 | D:6      | Noticed a hill giant
  6344 | D:6      | Reached XP level 9. HP: 46/70 MP: 9/9
  6659 | D:7      | Reached skill level 12 in Long Blades
  6835 | D:7      | Reached skill level 9 in Armour
  7418 | D:3      | Noticed Crazy Yiuf
  7423 | D:3      | Killed Crazy Yiuf
  7645 | D:8      | Found a shadowy altar of Dithmenos.
  7883 | D:8      | Found a glowing silver altar of Zin.
  7893 | D:8      | Reached skill level 13 in Long Blades
  8050 | D:8      | Noticed Erica
  8125 | D:8      | Found an opulent altar of Gozag.
  8216 | D:8      | Reached skill level 10 in Armour
  8377 | D:9      | Reached XP level 10. HP: 52/77 MP: 10/10
  8526 | D:9      | Noticed a gargoyle
  8568 | D:8      | Killed a gargoyle
  8568 | D:8      | Reached skill level 14 in Long Blades
  8810 | D:8      | Reached skill level 4 in Fighting
  8885 | D:8      | Reached skill level 5 in Fighting
  8939 | D:9      | Reached skill level 11 in Armour
  9336 | D:10     | Entered Level 10 of the Dungeon
  9356 | D:9      | Reached skill level 6 in Fighting
  9555 | D:10     | Found a staircase to the Orcish Mines.
  9634 | D:10     | Got a translucent rapier
  9760 | D:10     | Reached skill level 7 in Fighting
 10455 | D:11     | Noticed a hill giant
 10463 | D:11     | HP: 4/86 [hill giant/giant spiked club (27)]
 10755 | D:11     | Reached skill level 12 in Armour
 11086 | D:11     | Noticed a hill giant
 11090 | D:11     | Killed a hill giant
 11090 | D:11     | Reached skill level 8 in Fighting
 11090 | D:11     | Reached XP level 11. HP: 88/94 MP: 11/11
 11233 | D:11     | Reached ****** piety under Lugonu
 11584 | D:11     | Reached skill level 9 in Fighting
 11592 | D:11     | Found a staircase to the Lair.
 11715 | Lair:1   | Entered Level 1 of the Lair of Beasts
 11794 | Lair:1   | HP: 27/97 [river rat (3)]
 11799 | Lair:1   | HP: 17/97 [river rat (2)]
 11892 | Lair:1   | Reached skill level 13 in Armour
 11963 | Lair:1   | Found a dark tunnel.
 11995 | Volcano  | Entered a volcano
 12122 | Volcano  | Reached skill level 10 in Fighting
 12151 | Volcano  | Noticed Urug
 12197 | Volcano  | HP: 27/99 [orc warrior/long sword of flaming (7)]
 12204 | Volcano  | HP: 12/99 [Urug/great sword of flaming (13)]
 12210 | Volcano  | Killed Urug
 13368 | Lair:2   | Reached skill level 11 in Fighting
 13524 | Lair:2   | Reached skill level 14 in Armour
 13726 | Lair:2   | Noticed Prince Ribbit
 13741 | Lair:2   | Reached XP level 12. HP: 82/110 MP: 12/12
 13763 | Lair:2   | Killed Prince Ribbit
 13873 | Lair:2   | Found a staircase to the Swamp.
 14319 | Lair:3   | Noticed a six-headed hydra
 14452 | Lair:3   | Reached skill level 12 in Fighting
 14485 | Lair:3   | Killed a three-headed hydra
 14729 | Lair:3   | Found a staircase to the Snake Pit.
 14948 | Lair:3   | Reached skill level 15 in Armour
 15244 | Lair:3   | Identified a scroll of acquirement
 15542 | Lair:4   | Found a labyrinth entrance.
 15554 | Lair:4   | Reached skill level 15 in Long Blades
 15622 | Lab      | Entered a labyrinth
 15666 | Lab      | Reached skill level 13 in Fighting
 15687 | Lab      | Found an exit through the horrors of the Abyss.
 15723 | Lab      | Noticed a minotaur
 15735 | Lab      | Killed a minotaur
 15751 | Lab      | Got an ebony short sword
 15751 | Lab      | Got a crude leather armour
 15772 | Lair:4   | gallo: hi
 15985 | Lair:4   | Reached XP level 13. HP: 106/122 MP: 13/13
 16042 | Lair:4   | Reached skill level 16 in Armour
 16275 | Lair:4   | gallo: how can you see the max damage?
 16283 | Lair:4   | Gorice: I have a script in my rc file
 16283 | Lair:4   | gallo: like a mod
 16283 | Lair:4   | Gorice: well yes
 16283 | Lair:4   | Gorice: You can put Lua scripts into your rc file
 16283 | Lair:4   | Gorice: It may have been a mod of hilarousDeathArtists's rc
 16283 | Lair:4   | Gorice: I hsed
 16283 | Lair:4   | Gorice: "used"
 16283 | Lair:4   | Gorice: If you want to copy it my rc is at:
 16283 | Lair:4   | Gorice: http://crawl.xtahua.com/crawl/rcfiles/crawl-git/Gorice.rc
 16283 | Lair:4   | gallo: ty
 16283 | Lair:4   | Gorice: copy from "Note damage taken each round"
 16283 | Lair:4   | Gorice: to the end of the file
 16283 | Lair:4   | Gorice: A produde could do something much better OFC
 16379 | Lair:5   | Found a viscous altar of Jiyva.
 16379 | Lair:5   | Found a staircase to the Slime Pits.
 17115 | Lair:6   | Entered Level 6 of the Lair of Beasts
 17222 | Lair:6   | Reached skill level 14 in Fighting
 17529 | Lair:6   | Reached skill level 16 in Long Blades
 18428 | Lair:6   | Reached skill level 15 in Fighting
 18513 | Lair:6   | Reached skill level 2 in Dodging
 19183 | Orc:1    | Entered Level 1 of the Orcish Mines
 19330 | Orc:1    | Found a roughly hewn altar of Beogh.
 19330 | Orc:1    | Noticed Erolcha
 19348 | Orc:1    | Killed Erolcha
 19426 | Orc:2    | Entered Level 2 of the Orcish Mines
 19438 | Orc:2    | Reached skill level 17 in Long Blades
 19456 | Orc:2    | Found a staircase to the Elven Halls.
 19503 | Orc:2    | Found a frozen archway.
 19513 | Orc:2    | Reached skill level 3 in Dodging
 19584 | IceCv    | Entered an ice cave
 19821 | IceCv    | Reached XP level 14. HP: 135/135 MP: 14/14
 19963 | IceCv    | Reached skill level 4 in Dodging
 19971 | IceCv    | Reached skill level 1 in Evocations
 20287 | IceCv    | Noticed a frost giant
 20312 | IceCv    | Killed a frost giant
 20312 | IceCv    | Reached skill level 2 in Evocations
 20479 | IceCv    | Identified the Handbook of Earthen Black Magic
 20498 | IceCv    | Reached skill level 5 in Dodging
 20604 | Orc:1    | Reached skill level 18 in Long Blades
 21118 | Orc:2    | HP: 39/135 [orc priest/divine providence (15)]
 21124 | Orc:2    | HP: 32/135 [orc warrior/short sword (7)]
 21448 | Orc:2    | Paralysed by an orc sorcerer for 2 turns
 21469 | Orc:1    | Reached skill level 2 in Invocations
 21574 | Orc:1    | Reached skill level 3 in Evocations
 21775 | Orc:2    | Reached skill level 6 in Dodging
 21845 | Orc:2    | Paralysed by an orc sorcerer for 6 turns
 21852 | Orc:2    | Paralysed by an orc sorcerer for 5 turns
 21858 | Orc:2    | HP: 24/135 [orc sorcerer/bolt of negative energy (21)]
 21864 | Orc:2    | HP: 26/135 [poisoned by the chaos spawn (residual poison)]
 21872 | Orc:2    | HP: 30/135 [poisoned by the chaos spawn (residual poison)]
 22072 | Orc:2    | Paralysed by an orc sorcerer for 6 turns
 22193 | Orc:2    | Paralysed by an orc sorcerer for 3 turns
 22254 | Orc:1    | Reached skill level 3 in Invocations
 22313 | Orc:2    | Found Agiziqog's Antique Armour Shop.
 22320 | Orc:2    | Found Imiyrip's Assorted Antiques.
 22325 | Orc:2    | Found Nidacots's Antique Armour Emporium.
 22337 | Orc:2    | Found Zurphua's Assorted Antiques.
 22371 | Orc:2    | Bought an encrusted plate armour for 616 gold pieces
 22371 | Orc:2    | Bought a pair of runed gloves for 99 gold pieces
 22371 | Orc:2    | Bought an embroidered cloak for 99 gold pieces
 22394 | Orc:2    | Identified the cursed +1 plate armour of the Salmon {rElec Str-5 Int+6} (You bought it in a shop on level 2 of the Orcish Mines)
 22404 | Orc:2    | Bought a scroll labeled SOREYB GEKKYCO for 31 gold pieces
 22406 | Orc:2    | Bought a crude bone ring for 125 gold pieces
 22406 | Orc:2    | Bought a scroll of identify for 50 gold pieces
 22407 | Orc:2    | Identified the ring "Qesch" {*Tele rF- rC++ Dex+4} (You bought it in a shop on level 2 of the Orcish Mines)
 22411 | Orc:2    | Bought a bronze ring for 155 gold pieces
 22413 | Orc:2    | Bought an agate ring for 125 gold pieces
 22741 | D:12     | Reached skill level 7 in Dodging
 22845 | D:12     | Found Yxamn's Antique Armour Emporium.
 22904 | D:12     | Reached skill level 4 in Evocations
 23569 | D:13     | Reached skill level 4 in Invocations
 23602 | D:13     | Reached skill level 8 in Dodging
 24364 | D:14     | Found a roughly hewn altar of Beogh.
 24617 | D:14     | Found a gate to the Vaults.
 24659 | D:14     | Reached skill level 5 in Evocations
 24663 | D:14     | Reached XP level 15. HP: 127/141 MP: 17/17
 24672 | D:14     | Reached skill level 9 in Dodging
 24672 | D:14     | Reached skill level 5 in Invocations
 24757 | D:15     | Entered Level 15 of the Dungeon
 24879 | D:15     | Found a staircase to the Depths.
 24913 | D:15     | Noticed Josephine
 24937 | D:15     | Killed Josephine
 24984 | D:15     | Found a flickering gateway to a bazaar.
 25008 | Bazaar   | Entered a bazaar
 25012 | Bazaar   | Found Mob Enaynt's Jewellery Boutique.
 25031 | Bazaar   | Found Jonlulof's Antique Armour Emporium.
 25048 | Bazaar   | Found Poaqatoh's Book Boutique.
 25065 | Bazaar   | Found Sujamicomil's Antique Weapon Shoppe.
 25087 | Bazaar   | Bought an uncursed ring of protection from magic for 225 gold pieces
 25087 | Bazaar   | Bought an uncursed ring of flight for 157 gold pieces
 25104 | Bazaar   | Bought an ancient chain mail for 304 gold pieces
 25115 | Bazaar   | Identified the +4 chain mail of the Jabberwock {MR+} (You bought it in a shop in a bazaar)
 25236 | D:15     | Found Ademp's Antique Weapon Shop.
 25608 | D:15     | Reached skill level 10 in Dodging
 26065 | Snake:1  | Entered Level 1 of the Snake Pit
 26190 | Snake:1  | Reached skill level 6 in Invocations
 26473 | Snake:1  | Reached skill level 6 in Evocations
 26987 | Snake:1  | Reached skill level 11 in Dodging
 27567 | Snake:2  | Noticed a greater naga
 27587 | Snake:2  | Killed a greater naga
 27681 | Snake:2  | Reached skill level 7 in Invocations
 27833 | Snake:2  | Found an ancient bone altar of Kikubaaqudgha.
 27897 | Snake:2  | Reached skill level 7 in Evocations
 28160 | Snake:2  | Reached skill level 12 in Dodging
 28643 | Snake:2  | Noticed a greater naga
 28668 | Snake:2  | Killed a greater naga
 29223 | Snake:3  | Noticed a greater naga
 29235 | Snake:3  | Killed a greater naga
 29310 | Snake:3  | Reached XP level 16. HP: 149/149 MP: 20/20
 29598 | Snake:3  | Reached skill level 8 in Invocations
 29699 | Snake:3  | Noticed Wiglaf
 30183 | Swamp:1  | Entered Level 1 of the Swamp
 30271 | Swamp:1  | Reached skill level 13 in Dodging
 30480 | Swamp:1  | Reached skill level 8 in Evocations
 31285 | Swamp:2  | Noticed a thorn hunter
 31291 | Swamp:2  | Killed a thorn hunter
 31328 | Swamp:2  | Noticed Donald
 31351 | Swamp:2  | Killed Donald
 31493 | Swamp:2  | Reached skill level 9 in Invocations
 31544 | Swamp:2  | Reached skill level 14 in Dodging
 32144 | Swamp:3  | Noticed Nikola
 32144 | Swamp:3  | Noticed Xiguana's ghost (journeyman VSMo)
 32162 | Swamp:2  | Killed Nikola
 32202 | Swamp:3  | Killed Xiguana's ghost
 32517 | Swamp:3  | Reached skill level 9 in Evocations
 32724 | Swamp:3  | Noticed Jorgrun
 32745 | Swamp:3  | Killed Jorgrun
 33102 | Swamp:4  | Entered Level 4 of the Swamp
 33112 | Swamp:4  | Noticed removeelyvilon's ghost (adept TrMo)
 33415 | Swamp:4  | Killed removeelyvilon's ghost
 33415 | Swamp:4  | Reached skill level 15 in Dodging
 33415 | Swamp:4  | Reached XP level 17. HP: 156/156 MP: 23/23
 33469 | Swamp:4  | Reached skill level 10 in Invocations
 34410 | Swamp:3  | Reached skill level 10 in Evocations
 34528 | Swamp:4  | Noticed the 27-headed Lernaean hydra
 34912 | Swamp:4  | Got a decaying rune of Zot
 35189 | Lair:1   | Upgraded the game from 0.19-a0-599-g723c685 to 0.19-a0-607-g42021f0
 35492 | Snake:3  | Killed Wiglaf
 35658 | Snake:3  | Reached skill level 16 in Dodging
 36016 | Snake:4  | Entered Level 4 of the Snake Pit
 36138 | Snake:3  | Reached skill level 1 in Throwing
 36389 | Snake:3  | Reached skill level 2 in Throwing
 36685 | Snake:4  | Reached skill level 3 in Throwing
 37009 | Snake:4  | Reached skill level 11 in Evocations
 37065 | Snake:4  | Reached skill level 4 in Throwing
 37379 | Snake:4  | Found an opulent altar of Gozag.
 37656 | Snake:4  | Reached skill level 5 in Throwing
 37819 | Snake:4  | HP: 43/156 [naga mage/bolt of poison (5)]
 37824 | Snake:4  | HP: 36/156 [poisoned by a naga mage (poison arrow)]
 37829 | Snake:4  | HP: 30/156 [poisoned by a naga mage (poison arrow)]
 37834 | Snake:4  | HP: 28/156 [poisoned by a naga mage (poison arrow)]
 37839 | Snake:4  | HP: 26/156 [poisoned by a naga mage (poison arrow)]
 37845 | Snake:4  | HP: 27/156 [poisoned by a naga mage (poison arrow)]
 37852 | Snake:4  | HP: 29/156 [poisoned by a naga mage (poison arrow)]
 37859 | Snake:4  | HP: 33/156 [poisoned by a naga mage (poison arrow)]
 37867 | Snake:4  | HP: 37/156 [poisoned by a naga mage (poison arrow)]
 38048 | Snake:4  | HP: 43/156 [shock serpent (10)]
 38079 | Snake:4  | HP: 41/156 [naga sharpshooter/arrow (20)]
 38084 | Snake:4  | HP: 36/156 [naga sharpshooter/arrow (7)]
 38420 | Snake:4  | Reached skill level 6 in Throwing
 38506 | Snake:4  | Noticed Vashnia
 38538 | Snake:4  | HP: 48/234 [Vashnia/bolt (25)]
 38544 | Snake:4  | Killed Vashnia
 38544 | Snake:4  | Reached skill level 12 in Evocations
 38544 | Snake:4  | Reached XP level 18. HP: 34/163 MP: 24/26
 38545 | Snake:4  | HP: 34/244 [poisoned by Vashnia (splash of poison)]
 38554 | Snake:4  | HP: 36/244 [poisoned by Vashnia (splash of poison)]
 38561 | Snake:4  | HP: 42/163 [naga sharpshooter/bolt[Vashnia] (2)]
 38567 | Snake:4  | HP: 38/163 [naga sharpshooter/bolt[Vashnia] (9)]
 38573 | Snake:4  | HP: 38/163 [naga sharpshooter/bolt[Vashnia] (13)]
 38578 | Snake:4  | HP: 30/163 [naga sharpshooter/arrow (10)]
 38593 | Snake:4  | HP: 37/163 [greater naga/short sword (4)]
 38596 | Snake:4  | HP: 18/163 [greater naga/short sword (16)]
 39009 | Snake:4  | Reached skill level 1 in Spellcasting
 39373 | Snake:4  | Reached skill level 2 in Spellcasting
 39538 | Snake:4  | Got a serpentine rune of Zot
 40126 | Lair:1   | Learned a level 3 spell: Regeneration
 40203 | Vaults:1 | Entered Level 1 of the Vaults
 40208 | Vaults:1 | Reached skill level 3 in Spellcasting
 40291 | Vaults:1 | Reached skill level 13 in Evocations
 40384 | Vaults:1 | Found a flickering gateway to a bazaar.
 40402 | Bazaar   | Entered a bazaar
 40402 | Bazaar   | Found Hadgha Xuiz's Distillery.
 40407 | Bazaar   | Found Weomois's Gadget Emporium.
 40431 | Bazaar   | Found Boyhiupu's General Store.
 40436 | Bazaar   | Found Boruemm's Assorted Antiques.
 40444 | Bazaar   | Found Maucef's Jewellery Emporium.
 40452 | Bazaar   | Bought an uncursed ring of see invisible for 195 gold pieces
 40460 | Bazaar   | Bought a scroll labeled CEM HIOMUOJEISOM for 26 gold pieces
 40460 | Bazaar   | Bought a blowgun for 65 gold pieces
 40488 | Bazaar   | Bought 2 potions of cure mutation for 400 gold pieces
 40488 | Bazaar   | Bought a potion of heal wounds for 40 gold pieces
 40488 | Bazaar   | Bought a potion of resistance for 80 gold pieces
 40518 | Bazaar   | Bought a scroll of identify for 28 gold pieces
 40592 | Vaults:1 | Reached skill level 1 in Charms
 40977 | Vaults:1 | Reached skill level 4 in Spellcasting
 41032 | Vaults:1 | Reached skill level 2 in Charms
 41623 | Vaults:1 | Reached skill level 3 in Charms
 42098 | Vaults:1 | Reached skill level 5 in Spellcasting
 42414 | Vaults:2 | Reached XP level 19. HP: 144/170 MP: 27/27
 42737 | Vaults:2 | Reached skill level 4 in Charms
 43132 | Vaults:2 | Reached skill level 17 in Armour
 43614 | Vaults:2 | Reached skill level 6 in Spellcasting
 43775 | Vaults:2 | Reached skill level 5 in Charms
 43790 | Vaults:2 | HP: 50/170 [demonic crawler[a deep elf mage] (3)]
 43795 | Vaults:2 | HP: 44/170 [poisoned by a redback]
 43800 | Vaults:2 | HP: 44/170 [poisoned by a redback]
 43805 | Vaults:2 | HP: 45/170 [poisoned by a redback]
 43810 | Vaults:1 | HP: 47/170 [poisoned by a redback]
 43817 | Vaults:1 | HP: 51/170 [poisoned by a redback]
 44804 | Vaults:3 | Reached skill level 6 in Charms
 44867 | Vaults:3 | Reached skill level 18 in Armour
 45010 | Vaults:3 | --The first (2) branded plate armours of the game!
 45010 | Vaults:3 | --from an orc warlord +retinue
 45381 | Vaults:3 | HP: 42/170 [orc warrior/glaive (10)]
 45386 | Vaults:3 | HP: 40/170 [poisoned by an orc priest]
 45391 | Vaults:3 | HP: 40/170 [poisoned by an orc priest]
 45397 | Vaults:3 | HP: 40/170 [poisoned by an orc priest]
 45403 | Vaults:3 | HP: 42/170 [poisoned by an orc priest]
 45411 | Vaults:3 | HP: 46/170 [poisoned by an orc priest]
 45419 | Vaults:3 | HP: 50/170 [poisoned by an orc priest]
 45576 | Vaults:3 | Found a staircase to the Crypt.
 45796 | Vaults:3 | Noticed Saint Roka
 45833 | Vaults:3 | Killed Saint Roka
 45833 | Vaults:3 | Reached skill level 7 in Charms
 45838 | Vaults:3 | HP: 43/170 [orc warrior/enchanted halberd[Saint Roka] (15)]
 45869 | Vaults:3 | HP: 49/170 [deep elf knight/long sword of distortion[an ironheart preserver] (8)]
 45979 | Vaults:3 | Reached XP level 20. HP: 134/178 MP: 28/28
 46902 | Vaults:4 | Reached skill level 19 in Armour
 47605 | Vaults:4 | Reached skill level 8 in Charms
 48303 | Vaults:4 | HP: 45/178 [orc knight/war axe (12)]
 48308 | Vaults:4 | HP: 42/178 [poisoned by an ogre mage]
 48313 | Vaults:4 | HP: 32/178 [poisoned by an ogre mage]
 48331 | Vaults:4 | HP: 29/178 [vault warden/great mace (28)]
 48338 | Vaults:4 | HP: 40/178 [poisoned by an ogre mage]
 48341 | Vaults:4 | HP: 10/178 [something (17)]
 48346 | Vaults:4 | HP: 16/178 [poisoned by an ogre mage]
 48857 | Vaults:4 | Got a brightly glowing chain mail
 49191 | D:14     | Identified the +0 chain mail "Axuf" {Dex+4 SInv} (You found it on level 4 of the Vaults)
 49552 | Elf:1    | Entered Level 1 of the Elven Halls
 49606 | Elf:1    | HP: 51/178 [flail of draining (8)]
 49614 | Elf:1    | HP: 40/178 [flail of draining (10)]
 49619 | Elf:1    | HP: 32/178 [deep elf archer/arrow (11)]
 49625 | Elf:1    | HP: 36/178 [deep elf archer/arrow (1)]
 49626 | Elf:1    | HP: 17/178 [deep elf archer/arrow (19)]
 49629 | Elf:1    | HP: 7/178 [deep elf archer/arrow (13)]
 49641 | Elf:1    | HP: 42/178 [deep elf archer/arrow (4)]
 49778 | Orc:2    | HP: 50/178 [orange demon[an orc high priest] (7)]
 49779 | Orc:2    | HP: 23/178 [orc warrior/long sword of slicing[an orc high priest] (3)]
 49786 | Orc:2    | HP: 16/178 [warg[an orc high priest] (5)]
 49791 | Orc:1    | HP: 41/178 [orc warrior/long sword of slicing[an orc high priest] (4)]
 49795 | Orc:1    | HP: 19/178 [orc warrior/long sword of slicing[an orc high priest] (2)]
 49797 | Orc:1    | HP: 6/178 [orc warrior/long sword of slicing[an orc high priest] (14)]
 49830 | Orc:1    | HP: 33/178 [orc warrior/long sword of slicing[an orc high priest] (8)]
 49836 | Orc:1    | HP: 35/178 [orc sorcerer/dagger (1)]
 50109 | Elf:1    | Got an ichor-stained ring mail
 50473 | Elf:1    | Reached skill level 20 in Armour
 50518 | Elf:1    | HP: 39/178 [deep elf mage/bolt of lightning (15)]
 50521 | Elf:1    | HP: 2/178 [deep elf mage/bolt of lightning (28)]
 50523 | Elf:1    | Killed from afar by a deep elf mage

Vault maps used:
D:1:      minmay_arrival_four_houses, hangedman_decor_points
D:2:      wad_crossroads
D:3:      amethyst_overflow_temple_binary, lemuel_coloured_pillars_altar,
          first_bread, grunt_pakellas_basics, uniq_crazy_yiuf_cottage,
          uniq_natasha, uniq_iyjb
D:4:      overflow_temple_1_default, lemuel_crystal_altar,
          lightli_temple_of_fire, hangedman_abyss_or_decor_stagger,
          minmay_joined_circles
D:5:      evilmike_ruin_ashenzari, uniq_blork_the_orc
D:6:      minmay_temple_entry_grid, gup_sewer_entry_bubbles
D:8:      overflow_temple_1_default, lemuel_doored_altar, basic_altar,
          grunt_livestock, uniq_erica
D:10:     david_orc_3
D:11:     minmay_lair_entry_lava
D:12:     serial_shops, shop
D:14:     lightli_vaults_fourway_checkpoint, minmay_misc_feat_pillars
D:15:     grunt_enter_depths_hoard, serial_shops, bzr_entry_customers, shop,
          minmay_misc_feat_square, nrook_mini_backslash, uniq_josephine
Lair:1:   nicolae_volcano_entry_batcave, grunt_megastairs_5
Lair:2:   minmay_swamp_entry_reptiles, roderic_batcave,
          nicolae_quartered_pool_little, patterned_corridor, uniq_prince_ribbit2
Lair:3:   minmay_lair_oklob_items, minivault_25, lemuel_fruit_tree,
          grunt_megastairs_3
Lair:4:   lab_entry_generic, kilobyte_rumbling_trees
Lair:5:   slime_altar_1
Lair:6:   minmay_lair_end_enchanted_forest
Swamp:1:  nicolae_swamp_dense_foliage, swamp_pool2
Swamp:2:  evilmike_swamp_ruin_house_4, st_swamp_ruins_2, uniq_donald
Swamp:3:  evilmike_swamp_ruin_house_5, uniq_nikola, uniq_jorgrun
Swamp:4:  swamp_old_school
Snake:1:  minmay_snake_pond
Snake:2:  basic_altar
Snake:3:  serial_bayou_pond_a, uniq_wiglaf
Snake:4:  snake_pit, basic_altar, uniq_kirke, uniq_vashnia
Orc:1:    basic_altar, uniq_erolcha
Orc:2:    st_orc_elflike, portal_ice_cave_rime
Elf:1:    minmay_elf_arrival_plus, kennysheep_underground_church
Vaults:1: v_misc_11, v_misc_15, hangedman_vaults_cutoff,
          vaults_room_ringed_pool, v_pattern_2, vaults_mumra_chevron, v_misc_29,
          ontoclasm_vaults_fault, nicolae_vaults_mini_display_case, v_rooms_4,
          vaults_dpeg_hooks, vaults_room_grid, serial_shops, freezing_bzr
Vaults:2: hangedman_vaults_trim, ontoclasm_vaults_tryst,
          nicolae_vaults_triangles, hangedman_vaults_hat, v_misc_4,
          nicolae_vaults_circle_grid_a, nicolae_vaults_border_crossing,
          vaults_room_guarded_vault
Vaults:3: vaults_room_door_hall, nicolae_vaults_diagonal_hallway_8,
          nicolae_vaults_twisting_passages, v_rooms_6, v_misc_2, v_misc_17,
          special_room_vaults, ontoclasm_vaults_pinch,
          nicolae_vaults_circle_grid_a, v_pattern_3,
          nicolae_vaults_bisected_slash, hangedman_vaults_restitches, v_misc_22,
          minmay_crypt_entry_simple_box, vaults_room_door_ring, uniq_saint_roka
Vaults:4: vaults_dpeg_encased_lava, vaults_dpeg_diagonal, vaults_dpeg_spiral,
          v_pattern_1, dpeg_vaults_monster_box, vaults_mumra_hex,
          ontoclasm_vaults_eye, nicolae_vaults_little_squares_6,
          nicolae_vaults_statue_guard, vaults_room_corners
Abyss:1:  hangedman_cross_veins, bh_abyss_negative
Lab:      nicolae_lab_dead_adventurers, nicolae_lab_stuck, nicolae_lab_plus,
          nicolae_lab_flowing_pool, nicolae_lab_big_swirl, nicolae_lab_garden
Bazaar:   bazaar_jpeg_circle_common, bazaar_kb_twisted_cavern
Sewer:    sewer_big_baddie
IceCv:    ice_cave_caverns_01
Volcano:  volcano_pools

Skill      XL: |  1  2  3  4  5  6  7  8  9 10 11 12 13 14 15 16 17 18 19 20 |
---------------+-------------------------------------------------------------+-----
Long Blades    | 3 4 5 6 7 9 11 13 14 15 17 18 | 18.0
Armour         | 3 4 5 6 8 10 12 14 15 16 18 20 | 20.0
Fighting       | 8 11 13 15 | 15.0
Dodging        | 3 8 12 15 16 | 16.0
Evocations     | 5 7 9 12 13 | 13.2
Invocations    | 4 7 9 10 | 10.0
Throwing       | 6 |  6.6
Spellcasting   | 5 6 |  6.0
Charms         | 3 7 8 |  8.8

Action                   |  1- 3 |  4- 6 |  7- 9 | 10-12 | 13-15 | 16-18 | 19-21 || total
-------------------------+-------+-------+-------+-------+-------+-------+-------++-------
Melee: Falchion          |   113 |    38 |   184 |       |       |       |       ||   335
       Headbutt          |    11 |    25 |    85 |   175 |   349 |   456 |   331 ||  1432
       Short sword       |       |   113 |   112 |    43 |       |       |       ||   268
       Dagger            |       |     2 |       |       |       |       |       ||     2
       Scimitar          |       |       |   190 |   489 |       |       |       ||   679
       Great sword       |       |       |       |   284 |  1493 |  1996 |  1403 ||  5176
       Demon blade       |       |       |       |   137 |   145 |       |       ||   282
 Fire: Hunting sling     |       |       |    19 |       |       |       |       ||    19
Throw: Tomahawk          |       |     1 |    11 |    48 |    24 |     4 |    10 ||    98
       Throwing net      |       |       |     1 |     2 |     1 |       |       ||     4
       Javelin           |       |       |       |     7 |       |       |       ||     7
Invok: Bend Space        |       |       |       |       |     1 |       |     1 ||     2
Evoke: Wand              |       |       |       |     2 |     1 |     1 |     4 ||     8
  Use: Scroll            |     4 |     7 |     8 |    11 |    11 |     7 |     4 ||    52
       Potion            |       |       |     2 |     7 |       |    10 |    12 ||    31
 Stab: Fleeing           |       |       |       |     1 |       |       |       ||     1
       Distracted        |       |       |       |       |     1 |     1 |       ||     2
  Eat: Chunk             |     2 |     5 |    20 |    20 |    39 |    23 |    23 ||   132
       Pizza             |       |       |       |     1 |       |     1 |       ||     2
       Beef jerky        |       |       |       |     1 |       |     2 |       ||     3
       Bread ration      |       |       |       |       |     1 |     1 |     1 ||     3
       Meat ration       |       |       |       |       |       |     3 |       ||     3
Armor: Leather armour    |    10 |       |       |       |       |       |       ||    10
       Plate armour      |    72 |    82 |   320 |   623 |   833 |   998 |   770 ||  3698
Dodge: Dodged            |    40 |    33 |   142 |   315 |   662 |  1235 |   792 ||  3219

Table legend:
 A = Turns spent in this place as a percentage of turns spent in the entire game.
 B = Non-inter-level travel turns spent in this place as a percentage of non-inter-level travel turns spent in the entire game.
 C = Inter-level travel turns spent in this place as a percentage of turns spent in this place.
 D = Turns resting spent in this place as a percentage of non-inter-level travel turns spent in this place.
 E = Turns spent auto-exploring this place as a percentage of non-inter-level travel turns spent in this place.
 F = Non-inter-level travel turns spent in this place divided by the number of levels of this place that you've seen.
                   A       B       C       D       E      F
               +-------+-------+-------+-------+-------+----------------------
         Total | 100.0 | 100.0 |   0.5 |   2.7 |   3.1 | 555.8
       Dungeon |  25.8 |  25.7 |   0.8 |   1.5 |   4.9 | 409.5
          Lair |  11.8 |  11.7 |   0.9 |   2.0 |   4.5 | 468.0
         Swamp |   9.0 |   9.0 |   0.7 |   2.8 |   3.8 | 536.8
     Snake Pit |  15.6 |  15.6 |   0.3 |   7.5 |   3.6 | 934.2
  Orcish Mines |   7.3 |   7.3 |   0.5 |   2.2 |   0.5 | 873.5
   Elven Halls |   1.3 |   1.3 |   0.0 |   1.3 |   3.4 | 319.0
        Vaults |  23.1 |  23.1 |   0.2 |   1.8 |   1.5 | 1382.5
         Abyss |   0.1 |   0.1 |   0.0 |   0.0 |   0.0 |  22.0
     Labyrinth |   0.6 |   0.6 |   0.0 |   0.0 |   0.0 | 146.0
        Bazaar |   1.0 |   1.0 |   0.0 |   0.0 |   0.4 | 118.5
         Sewer |   0.4 |   0.4 |   0.0 |   0.0 |   0.0 |  90.0
      Ice Cave |   2.9 |   2.9 |   0.0 |   1.4 |   0.1 | 700.0
       Volcano |   1.1 |   1.2 |   0.0 |   1.5 |   0.0 | 275.0
               +-------+-------+-------+-------+-------+----------------------

Vault maps used:
D:1:      minmay_arrival_four_houses, hangedman_decor_points
D:2:      wad_crossroads
D:3:      amethyst_overflow_temple_binary, lemuel_coloured_pillars_altar,
          first_bread, grunt_pakellas_basics, uniq_crazy_yiuf_cottage,
          uniq_natasha, uniq_iyjb
D:4:      overflow_temple_1_default, lemuel_crystal_altar,
          lightli_temple_of_fire, hangedman_abyss_or_decor_stagger,
          minmay_joined_circles
D:5:      evilmike_ruin_ashenzari, uniq_blork_the_orc
D:6:      minmay_temple_entry_grid, gup_sewer_entry_bubbles
D:8:      overflow_temple_1_default, lemuel_doored_altar, basic_altar,
          grunt_livestock, uniq_erica
D:10:     david_orc_3
D:11:     minmay_lair_entry_lava
D:12:     serial_shops, shop
D:14:     lightli_vaults_fourway_checkpoint, minmay_misc_feat_pillars
D:15:     grunt_enter_depths_hoard, serial_shops, bzr_entry_customers, shop,
          minmay_misc_feat_square, nrook_mini_backslash, uniq_josephine
Lair:1:   nicolae_volcano_entry_batcave, grunt_megastairs_5
Lair:2:   minmay_swamp_entry_reptiles, roderic_batcave,
          nicolae_quartered_pool_little, patterned_corridor, uniq_prince_ribbit2
Lair:3:   minmay_lair_oklob_items, minivault_25, lemuel_fruit_tree,
          grunt_megastairs_3
Lair:4:   lab_entry_generic, kilobyte_rumbling_trees
Lair:5:   slime_altar_1
Lair:6:   minmay_lair_end_enchanted_forest
Swamp:1:  nicolae_swamp_dense_foliage, swamp_pool2
Swamp:2:  evilmike_swamp_ruin_house_4, st_swamp_ruins_2, uniq_donald
Swamp:3:  evilmike_swamp_ruin_house_5, uniq_nikola, uniq_jorgrun
Swamp:4:  swamp_old_school
Snake:1:  minmay_snake_pond
Snake:2:  basic_altar
Snake:3:  serial_bayou_pond_a, uniq_wiglaf
Snake:4:  snake_pit, basic_altar, uniq_kirke, uniq_vashnia
Orc:1:    basic_altar, uniq_erolcha
Orc:2:    st_orc_elflike, portal_ice_cave_rime
Elf:1:    minmay_elf_arrival_plus, kennysheep_underground_church
Vaults:1: v_misc_11, v_misc_15, hangedman_vaults_cutoff,
          vaults_room_ringed_pool, v_pattern_2, vaults_mumra_chevron, v_misc_29,
          ontoclasm_vaults_fault, nicolae_vaults_mini_display_case, v_rooms_4,
          vaults_dpeg_hooks, vaults_room_grid, serial_shops, freezing_bzr
Vaults:2: hangedman_vaults_trim, ontoclasm_vaults_tryst,
          nicolae_vaults_triangles, hangedman_vaults_hat, v_misc_4,
          nicolae_vaults_circle_grid_a, nicolae_vaults_border_crossing,
          vaults_room_guarded_vault
Vaults:3: vaults_room_door_hall, nicolae_vaults_diagonal_hallway_8,
          nicolae_vaults_twisting_passages, v_rooms_6, v_misc_2, v_misc_17,
          special_room_vaults, ontoclasm_vaults_pinch,
          nicolae_vaults_circle_grid_a, v_pattern_3,
          nicolae_vaults_bisected_slash, hangedman_vaults_restitches, v_misc_22,
          minmay_crypt_entry_simple_box, vaults_room_door_ring, uniq_saint_roka
Vaults:4: vaults_dpeg_encased_lava, vaults_dpeg_diagonal, vaults_dpeg_spiral,
          v_pattern_1, dpeg_vaults_monster_box, vaults_mumra_hex,
          ontoclasm_vaults_eye, nicolae_vaults_little_squares_6,
          nicolae_vaults_statue_guard, vaults_room_corners
Abyss:1:  hangedman_cross_veins, bh_abyss_negative
Lab:      nicolae_lab_dead_adventurers, nicolae_lab_stuck, nicolae_lab_plus,
          nicolae_lab_flowing_pool, nicolae_lab_big_swirl, nicolae_lab_garden
Bazaar:   bazaar_jpeg_circle_common, bazaar_kb_twisted_cavern
Sewer:    sewer_big_baddie
IceCv:    ice_cave_caverns_01
Volcano:  volcano_pools
